 Dungeon Crawl Stone Soup version 0.31.0-11-ge490571c62 (webtiles) character file.

Game seed: 16909161825945659152

356 jestert79 the Ducker (level 6, -2/47 HPs)
             Began as a Gnoll Wanderer on Jan 27, 2024.
             Was an Initiate of Kikubaaqudgha.
             Slain by a scorpion (4 damage)
             ... on level 5 of the Dungeon.
             The game lasted 00:08:02 (3575 turns).

jestert79 the Ducker (Gnoll Wanderer)               Turns: 3575, Time: 00:08:02

Health: -2/47      AC:  4    Str: 11    XL:     6   Next: 63%
Magic:  9/9        EV: 15    Int: 10    God:    Kikubaaqudgha [......]
Gold:   89         SH:  0    Dex: 17    Spells: 9/9 levels left

rFire   . . .        a - +0 shortbow
rCold   . . .        (shield currently unavailable)
rNeg    . . .        e - +0 leather armour
rPois   .            c - +0 helmet
rElec   .            (no cloak)
rCorr   .            (no gloves)
SInv    .            (no boots)
Will    +....        (no amulet)
Stlth   ++           s - ring of wizardry
HPRegen 0.27/turn    (no ring)
MPRegen 0.11/turn

%: wizardry (x1)
@: lethally poisoned (-2 -> -7), hasted, very quick
A: fangs 1, strong nose, distributed training, agile 1, strong-willed 1, passive
freeze
a: Renounce Religion


You were on level 5 of the Dungeon.
You worshipped Kikubaaqudgha.
Kikubaaqudgha was noncommittal.
You visited 2 branches of the dungeon, and saw 6 of its levels.

You collected 203 gold pieces.
You spent 114 gold pieces at shops.

Inventory:

Hand Weapons
 a - a +0 shortbow (weapon)
 b - a +0 mace
 o - a +1 dagger of venom
Missiles
 v - 2 curare-tipped darts
Armour
 c - a +0 helmet (worn)
 e - a +0 leather armour (worn)
Jewellery
 s - a ring of wizardry (left hand)
Wands
 t - a wand of mindburst (7)
Scrolls
 h - 5 scrolls of identify {unknown}
 i - 2 scrolls of poison {unknown}
 j - 2 scrolls of teleportation {unknown}
 m - a scroll of amnesia {unknown}
 n - a scroll of revelation
 r - a scroll of torment {unknown}
Potions
 d - a potion of berserk rage
 l - a potion of lignification
 p - a potion of mutation
 u - a potion of ambrosia {unknown}
 w - a potion of heal wounds {unknown}


   Skills:
 + Level 3.3 Fighting
 + Level 2.1 Short Blades
 + Level 2.1 Long Blades
 + Level 2.1 Axes
 + Level 5.0 Maces & Flails
 + Level 2.1 Polearms
 + Level 2.1 Staves
 + Level 6.9 Ranged Weapons
 + Level 2.1 Throwing
 + Level 2.1 Armour
 + Level 6.9 Dodging
 + Level 3.2 Stealth
 + Level 2.1 Shields
 + Level 2.1 Unarmed Combat
 + Level 2.1 Spellcasting
 + Level 1.7 Conjurations
 + Level 1.7 Hexes
 + Level 1.7 Summonings
 + Level 1.7 Necromancy
 + Level 1.7 Translocations
 + Level 1.7 Fire Magic
 + Level 1.7 Ice Magic
 + Level 1.7 Air Magic
 + Level 1.7 Earth Magic
 + Level 1.7 Alchemy
 + Level 2.3 Invocations
 + Level 2.1 Evocations
 + Level 1.9 Shapeshifting


You had 9 spell levels left.
You didn't know any spells.
Your spell library was empty.

Dungeon Overview and Level Annotations

Branches:
Dungeon (5/15)             Temple (1/1) D:4

Altars:
Ashenzari
Cheibriados
Dithmenos
Fedhas
Hepliaklqana
Kikubaaqudgha
Nemelex Xobeh
Okawaru
Qazlal
Ru
Sif Muna
Trog
Vehumet
Xom
Yredelemnul
Zin
The Shining One

Shops:
D:2 *   D:4 (

Annotations:
D:1 1 runed translucent door


Innate Abilities, Weirdness & Mutations

You have very sharp teeth.
Your uncanny sense of smell can sniff out nearby items.
Your experience applies equally to all skills.
You are agile. (Dex +4, Str/Int -1)
You are strong-willed. (Will+)
A frigid envelope surrounds you and freezes all who hurt you.


Message History

The scorpion is very cold.
The scorpion is almost dead.
It was a potion of attraction.
You feel attractive to monsters.
You feel sick.
The scorpion stings you but does no damage.
It was a potion of cancellation.
Your magical effects are unravelling.
You feel magically purged.
You feel less wooden.
Your +0 helmet unmelds from your body.
Your +0 leather armour unmelds from your body.
* * * LOW HITPOINT WARNING * * *
You feel sick.
The scorpion stings you but does no damage.
The scorpion is very cold.
The scorpion is almost dead.
You feel less attractive to monsters.
Unknown command.
It was a potion of curing.
You feel better. The scorpion closely misses you. x2
You shoot an arrow.
The arrow hits the scorpion but does no damage.
The scorpion is almost dead.
The scorpion stings you.
* * * LOW HITPOINT WARNING * * *
You are lethally poisoned!
The scorpion poisons you!
Unknown command.
You shoot an arrow.
The arrow hits the scorpion but does no damage.
The scorpion is almost dead.
* * * LOW HITPOINT WARNING * * *
You feel very sick. The scorpion closely misses you.
Unknown command.
It was a potion of haste.
You feel yourself speed up.
* * * LOW HITPOINT WARNING * * *
You feel sick. The scorpion closely misses you. The scorpion stings you.
You die...
Kikubaaqudgha rasps: "You have failed me!
Welcome... death!"

##.##§.≈# #≈.§# ≈.≈#
#.#...≈###≈.§###≈.≈###§
..#...≈≈≈≈§.§≈≈§§.≈≈≈≈≈
.
##......[..§..§§§.....
#.....#.#.##..#......
#.#####...###.#......
###......# ########..+
.?.....@.## ..#####.s#
#.... ∆ #.##... #.#
....# ..# #... ### ...
..


You could see a scorpion.

Vanquished Creatures
  A black bear (D:3)
  A howler monkey (D:4)
  A bombardier beetle (D:3)
  2 hounds (D:4)
  An iguana (D:3)
  5 adders
  2 ribbon worms (D:2)
  An orc (D:4)
  3 endoplasms
  2 giant cockroaches
  6 goblins
  6 hobgoblins
  4 jackals
  3 quokkas
  2 ball pythons
  4 bats
  2 frilled lizards (D:2)
  13 kobolds
  4 rats
63 creatures vanquished.

Notes
Turn   | Place    | Note
-------+----------+-------------------------------------------
     0 | D:1      | jestert79 the Gnoll Wanderer began the quest for the Orb.
     0 | D:1      | jestert79 set off with the following items: a +0 shortbow,
                  | a +0 mace, a +0 helmet, a potion of berserk rage, a +0
                  | leather armour.
     0 | D:1      | Reached XP level 1. HP: 17/17 MP: 1/1
     1 | D:1      | Found a runed translucent door.
   162 | D:1      | Reached XP level 2. HP: 23/23 MP: 2/2
   650 | D:2      | Reached XP level 3. HP: 18/28 MP: 3/3
   957 | D:2      | Reached skill level 1 in Invocations
  1160 | D:2      | Reached skill level 1 in Short Blades
  1160 | D:2      | Reached skill level 1 in Long Blades
  1160 | D:2      | Reached skill level 1 in Axes
  1160 | D:2      | Reached skill level 1 in Polearms
  1160 | D:2      | Reached skill level 1 in Staves
  1160 | D:2      | Reached skill level 1 in Throwing
  1160 | D:2      | Reached skill level 1 in Armour
  1160 | D:2      | Reached skill level 1 in Shields
  1160 | D:2      | Reached skill level 1 in Unarmed Combat
  1160 | D:2      | Reached skill level 1 in Spellcasting
  1160 | D:2      | Reached skill level 1 in Evocations
  1307 | D:2      | Found Vezamn's General Store.
  1315 | D:2      | Bought a scroll of revelation for 90 gold pieces
  1730 | D:3      | Reached skill level 1 in Conjurations
  1730 | D:3      | Reached skill level 1 in Hexes
  1730 | D:3      | Reached skill level 1 in Summonings
  1730 | D:3      | Reached skill level 1 in Necromancy
  1730 | D:3      | Reached skill level 1 in Translocations
  1730 | D:3      | Reached skill level 1 in Fire Magic
  1730 | D:3      | Reached skill level 1 in Ice Magic
  1730 | D:3      | Reached skill level 1 in Air Magic
  1730 | D:3      | Reached skill level 1 in Earth Magic
  1730 | D:3      | Reached skill level 1 in Alchemy
  1730 | D:3      | Reached skill level 1 in Shapeshifting
  1730 | D:3      | Reached XP level 4. HP: 25/34 MP: 5/5
  1855 | D:3      | Reached XP level 5. HP: 40/40 MP: 5/7
  2131 | D:3      | Noticed a black bear
  2136 | D:3      | Killed a black bear
  2300 | D:3      | Found a shimmering blue altar of Sif Muna.
  2337 | D:3      | Found a blossoming altar of Fedhas.
  2497 | D:4      | Reached XP level 6. HP: 47/47 MP: 8/8
  2571 | D:4      | Found a staircase to the Ecumenical Temple.
  2578 | Temple   | Entered the Ecumenical Temple
  2590 | Temple   | Became a worshipper of Kikubaaqudgha
  2735 | D:4      | Reached skill level 5 in Maces & Flails
  3339 | D:4      | Found Kodubeusch's Weapon Boutique.
  3345 | D:4      | Bought 2 curare-tipped darts for 24 gold pieces
  3510 | D:5      | Entered Level 5 of the Dungeon
  3569 | D:5      | Gained mutation: You are strong-willed. (Will+) [potion of
                  | mutation]
  3569 | D:5      | Gained mutation: You are agile. (Dex +4, Str/Int -1)
                  | [potion of mutation]
  3569 | D:5      | Gained mutation: A frigid envelope surrounds you and
                  | freezes all who hurt you. [potion of mutation]
  3575 | D:5      | HP: 2/47 [poisoned by a scorpion]
  3575 | D:5      | Slain by a scorpion

Illustrated notes

Levels and vault maps discovered:
D:1:      dpeg_arrival_caged_fury, layout_basic
D:2:      minmay_wonky_spiral, layout_loops_cross, serial_shops,
          nicolae_shop_temple_entry_statues_fountains,
          nicolae_houndstooth_variations
D:3:      layout_loops_ring, lemuel_doored_altar, mainiacjoe_overflow_catwalk
D:4:      layout_basic, minmay_temple_entry_overgrown, serial_shops,
          kennysheep_little_box, hangedman_decor_growths
D:5:      layout_basic, minitemple, kennysheep_boxes
Temple:   eino_wide_crystal_templ

Skill      XL: |  1  2  3  4  5  6 |
---------------+-------------------+-----
Invocations    | 1 2 |  2.3
Short Blades   | 1 2 |  2.1
Long Blades    | 1 2 |  2.1
Axes           | 1 2 |  2.1
Polearms       | 1 2 |  2.1
Staves         | 1 2 |  2.1
Throwing       | 1 2 |  2.1
Armour         | 1 2 |  2.1
Shields        | 1 2 |  2.1
Unarmed Combat | 1 2 |  2.1
Spellcasting   | 1 2 |  2.1
Evocations     | 1 2 |  2.1
Conjurations   | 1 |  1.7
Hexes          | 1 |  1.7
Summonings     | 1 |  1.7
Necromancy     | 1 |  1.7
Translocations | 1 |  1.7
Fire Magic     | 1 |  1.7
Ice Magic      | 1 |  1.7
Air Magic      | 1 |  1.7
Earth Magic    | 1 |  1.7
Alchemy        | 1 |  1.7
Shapeshifting  | 1 |  1.9
Fighting       | 3 |  3.3
Stealth        | 3 |  3.2
Maces & Flails | 5 |  5.0
Ranged Weapons | |  6.9
Dodging        | |  6.9

Action                     |  1- 3 |  4- 6 || total
---------------------------+-------+-------++-------
   Fire: Shortbow          |   153 |   150 ||   303
    Use: Potion            |       |     6 ||     6
 Armour: Leather armour    |    37 |    59 ||    96
         Skin              |       |     6 ||     6
  Dodge: Dodged            |    64 |    72 ||   136
